AoeStats
← zagor

Black Forest

509164934Analyzed
4v4 RM · 5d ago on Sep 25, 2026· 64m 14s· 8 players
Game mode
Random Map
Map size
Large (8 player)
Population
200
Speed
Normal
Resources
Standard
Victory
Conquest
Starting age
Dark Age
Ending age
Imperial Age
RankedLock teamsTeams togetherTeam positionsShared explorationLock speedFull tech treeHidden civsTurbo modeCheats
Victory
Defeat
🇨🇱 Malay · Chile
905
+12
🇨🇿 Inca · Czechia
859
+14
🇪🇸 Ethiopians · Spain
843
+15
🇦🇷 Italians · Argentina
763
+17
🇹🇷 Franks · Türkiye
829
-15
🇮🇹 Britons · Italy
825
-15
🇹🇷 Romans · Türkiye
803
-14
🇫🇷 Spanish · France
798
-14
yeniçeri
0:36 Loom
12:14 Feudal Age
17:17 Castle Age
15:48 Gold Mining
16:28 Double-Bit Axe
18:35 Bow Saw
21:07 Stone Mining
23:20 Gold Shaft Mining
24:16 Wheelbarrow
28:10 Hand Cart
34:06 Imperial Age
31:52 Treadmill Crane
33:03 Padded Archer Armor
32:54 Fletching
33:34 Masonry
33:43 Forging
33:42 Town Watch
34:17 Husbandry
34:40 Town Patrol
35:29 Architecture
35:22 Leather Archer Armor
37:05 Bodkin Arrow
37:13 Scale Mail Armor
37:26 Cavalier
39:00 Chain Mail Armor
38:51 Scale Barding Armor
39:37 Chivalry
39:57 Conscription
44:30 Chemistry
43:51 Chain Barding Armor
44:02 Plate Mail Armor
44:08 Iron Casting
43:25 Pikeman
44:08 Squires
43:42 Ordonnance Companies
46:13 Ballistics
46:57 Blast Furnace
46:32 Plate Barding Armor
49:00 Elite Throwing Axeman
49:31 Elite Skirmisher
52:11 Fortified Wall
52:40 Coinage
52:10 Caravan
52:30 Light Cavalry
56:11 Paladin
zagor
0:45 Loom
13:21 Feudal Age
17:20 Castle Age
16:24 Double-Bit Axe
16:22 Horse Collar
17:02 Stone Mining
18:51 Wheelbarrow
18:53 Heavy Plow
19:00 Gold Mining
25:36 Bow Saw
28:02 Hand Cart
29:30 Gold Shaft Mining
35:45 Imperial Age
36:09 Ballistics
35:47 Murder Holes
35:56 Padded Archer Armor
35:47 Fletching
36:08 Forging
35:59 Scale Mail Armor
36:54 Conscription
37:11 Ballistas
36:48 Man-at-Arms
36:49 Pikeman
37:30 Squires
37:35 Sappers
38:58 Bodkin Arrow
40:16 Chemistry
39:28 Masonry
39:53 Leather Archer Armor
40:15 Iron Casting
39:38 Long Swordsman
41:09 Ring Archer Armor
41:19 Architecture
41:08 Heavy Scorpion
44:00 Chain Mail Armor
44:46 Blast Furnace
43:55 Siege Engineers
44:03 Fortified Wall
45:10 Capped Ram
45:39 Legionary
46:04 Capped Ram
54:10 Halberdier
~Giulia~
0:55 Loom
11:08 Feudal Age
11:46 Town Watch
12:24 Double-Bit Axe
13:48 Horse Collar
20:58 Castle Age
19:17 Gold Mining
20:28 Fletching
22:04 Crossbowman
23:42 Wheelbarrow
24:04 Stone Mining
25:24 Padded Archer Armor
25:20 Bodkin Arrow
27:40 Bow Saw
27:32 Heavy Plow
34:07 Imperial Age
32:54 Ballistics
32:30 Murder Holes
32:16 Treadmill Crane
32:35 Murder Holes
32:22 Pikeman
34:39 Elite Skirmisher
35:54 Forging
35:45 Scale Mail Armor
38:04 Warwolf
43:54 Yeomen
49:44 Masonry
49:40 Bracer
51:07 Two-Man Saw
50:44 Gold Shaft Mining
52:50 Hand Cart
53:31 Hand Cart
54:15 Halberdier
54:57 Squires
54:43 Gambesons
59:47 Elite Longbowman
59:53 Elite Longbowman
牛胜newsheng8
aitorpevi
0:27 Loom
12:21 Feudal Age
13:19 Double-Bit Axe
16:19 Castle Age
18:29 Wheelbarrow
17:49 Gold Mining
21:44 Horse Collar
25:02 Hand Cart
25:30 Heavy Plow
25:43 Bow Saw
28:34 Town Watch
31:34 Gold Shaft Mining
30:51 Stone Mining
31:34 Fishing Lines
34:41 Imperial Age
32:35 Husbandry
33:12 Scale Barding Armor
33:18 Forging
35:12 Gillnets
38:21 Royal Heirs
38:11 Heavy Camel Rider
39:30 Chain Barding Armor
39:45 Iron Casting
41:23 Conscription
44:57 Capped Ram
47:24 Siege Engineers
48:21 Chemistry
47:41 Ballistics
47:17 Murder Holes
47:35 Fortified Wall
48:32 Blast Furnace
47:23 Fletching
47:44 Siege Ram
49:27 Guilds
56:43 Torsion Engines
Juan Carlos Bodoque
0:36 Loom
13:06 Feudal Age
12:42 Town Watch
13:32 Wheelbarrow
13:00 Fishing Lines
13:15 Double-Bit Axe
18:27 Gold Mining
22:52 Castle Age
22:42 Bow Saw
23:12 Gold Shaft Mining
22:27 Stone Mining
22:31 Gillnets
23:01 Town Patrol
23:16 Hand Cart
23:07 Caravan
24:42 Husbandry
26:55 Forging
26:58 Scale Barding Armor
28:52 Devotion
31:32 Horse Collar
33:14 Iron Casting
33:53 Heavy Plow
34:33 Stone Shaft Mining
39:26 Imperial Age
38:49 Elite Battle Elephant
41:18 Blast Furnace
40:51 Conscription
41:52 Crop Rotation
42:42 Forced Levy
42:47 Squires
42:33 Arson
43:24 Fletching
43:46 Siege Engineers
43:36 Murder Holes
43:23 Treadmill Crane
43:53 Masonry
44:44 Chemistry
44:05 Ballistics
44:16 Man-at-Arms
45:07 Bodkin Arrow
46:13 Bracer
47:02 Thalassocracy
46:40 Long Swordsman
47:27 Two-Handed Swordsman
61:14 Sanctity
61:11 Block Printing
61:23 Faith
61:37 Illumination
61:39 Heresy
61:31 Redemption
61:23 Atonement
61:18 Herbal Medicine
Chillpia
0:28 Loom
12:30 Feudal Age
15:28 Fletching
16:43 Wheelbarrow
16:01 Double-Bit Axe
18:54 Horse Collar
21:51 Castle Age
21:06 Scale Mail Armor
24:54 Bow Saw
27:39 Hand Cart
29:56 Heavy Plow
35:49 Imperial Age
34:02 Fortified Wall
33:57 Town Watch
35:08 Murder Holes
35:25 Masonry
35:52 Town Patrol
36:17 Chain Mail Armor
37:02 Conscription
37:01 Forging
37:22 Ballistics
38:13 Fabric Shields
39:26 Conscription
39:39 Plate Mail Armor
39:46 Iron Casting
39:07 Bodkin Arrow
39:13 Elite Kamayuk
42:06 Hoardings
41:00 Onager
43:00 Crop Rotation
42:21 Gold Mining
42:21 Stone Mining
43:07 Bracer
44:07 Blast Furnace
50:39 Siege Engineers
Rodri
13:30 Feudal Age
14:49 Wheelbarrow
14:01 Double-Bit Axe
18:33 Fishing Lines
20:14 Town Watch
24:34 Castle Age
22:36 Stone Mining
24:06 Gold Mining
27:42 Hand Cart
27:34 Treadmill Crane
28:43 Ballistics
28:26 Padded Archer Armor
28:59 Murder Holes
30:22 Elite Skirmisher
31:35 Gillnets
32:05 Leather Archer Armor
31:41 Fletching
32:16 Town Patrol
37:58 Imperial Age
36:24 Crossbowman
37:10 Thumb Ring
38:21 Bodkin Arrow
39:48 Chemistry
38:39 Heated Shot
49:24 Caravan
53:04 Elite Genoese Crossbowman
57:34 Ring Archer Armor
57:05 Bracer
61:36 Spies/Treason
Connection lost

Rejoining the realm…

Still unreachable

The connection could not be restored.

Session expired

The server has moved on; the page needs a fresh start.